 Dungeon Crawl Stone Soup version 0.31-a0-750-gfe7b580527 (webtiles) character file.

Game seed: 17094375521698422180

2291 Aneyh the Spear-Bearer (level 9, -1/45 HPs)
             Began as a Tengu Monk on Sept 14, 2023.
             Was a Believer of Hepliaklqana.
             Slain by a troll (10 damage)
             ... on level 8 of the Dungeon.
             The game lasted 00:08:56 (5222 turns).

Aneyh the Spear-Bearer (Tengu Monk)                 Turns: 5222, Time: 00:08:57

Health: -1/45      AC: 11    Str: 24    XL:     9   Next: 40%
Magic:  10/10      EV: 17    Int: 14    God:    Hepliaklqana [**....]
Gold:   452        SH:  0    Dex: 16    Spells: 8/8 levels left

rFire   . . .        b - +6 long sword of the Burning Gnat {spect, Str+2 Int+3}
rCold   . . .        (no shield)
rNeg    . . .        C - +1 leather armour {rPois}
rPois   +            (helmet restricted)
rElec   .            g - +2 cloak
rCorr   .            (no gloves)
SInv    .            (boots unavailable)
Will    .....        (no amulet)
Stlth   +            j - +6 ring of strength
HPRegen 0.27/turn    H - +4 ring of protection
MPRegen 0.12/turn

%: acrobat
@: flying
A: reduced essence, beak, talons 3, evasive flight, acrobatic
a: Renounce Religion, Recall Ancestor, Ancestor Identity


You were on level 8 of the Dungeon.
You worshipped Hepliaklqana.
Hepliaklqana was pleased with you.
You visited 2 branches of the dungeon, and saw 9 of its levels.
You also visited: Sewer.

You collected 452 gold pieces.

Inventory:

Hand Weapons
 a - a +0 scythe
 b - the +6 long sword of the Burning Gnat (weapon) {spect, Str+2 Int+3}
   (You took it off an orc on level 7 of the Dungeon)

   Str+2:     It affects your strength (+2).
   Int+3:     It affects your intelligence (+3).
 n - a +0 spear
 x - the +6 hammer of Puesh {venom, *Rage +Blink rPois rF+}
   (You found it on level 4 of the Dungeon)

   rF+:       It protects you from fire.
   rPois:     It protects you from poison +Blink: It lets you blink.
   *Rage:     It berserks you when you make melee attacks (+20% chance).
 y - the +8 hammer "Lizom" {heavy, rC+ Int+3}
   (You found it on level 4 of the Dungeon)

   Int+3:     It affects your intelligence (+3).
   rC+:       It protects you from cold.
 z - a +2 quarterstaff of chaos
 D - a +0 war axe
 L - a +3 flail of protection
 Q - a +0 trident
 T - a +0 orcbow
Missiles
 h - 14 boomerangs (quivered)
Armour
 d - an orb of light
 f - a +0 buckler
 g - a +2 cloak (worn)
 C - a +1 leather armour of poison resistance (worn)
 M - a +0 leather armour of willpower
 S - a +0 robe
Jewellery
 j - a +6 ring of strength (left hand)
 H - a +4 ring of protection (right hand)
 R - a +5 ring of evasion
Wands
 p - a wand of digging (6)
 A - a wand of mindburst (17)
 G - a wand of light (11)
 K - a wand of flame (8)
Scrolls
 e - 3 scrolls of fog {unknown}
 i - 4 scrolls of identify {unknown}
 k - a scroll of revelation {unknown}
 q - a scroll of amnesia {unknown}
 s - a scroll of vulnerability {unknown}
 t - a scroll of enchant weapon {unknown}
 u - 2 scrolls of poison {unknown}
 v - a scroll of fear {unknown}
 B - 3 scrolls of teleportation {unknown}
 E - a scroll of enchant armour {unknown}
 I - 2 scrolls of blinking {unknown}
 J - a scroll of noise {unknown}
 U - a scroll of summoning {unknown}
 V - a scroll of immolation {unknown}
Potions
 c - a potion of ambrosia
 l - a potion of experience {unknown}
 m - 3 potions of mutation {unknown}
 o - a potion of heal wounds
 r - 2 potions of attraction {unknown}
 w - a potion of invisibility {unknown}
 F - a potion of berserk rage {unknown}
 N - a potion of haste {unknown}
 O - a potion of might {unknown}
 P - a potion of curing {unknown}


   Skills:
 * Level 3.0 Fighting
 + Level 0.1 Long Blades
 - Level 13.4 Polearms
 - Level 4.0 Dodging


You had 8 spell levels left.
You didn't know any spells.
Your spell library contained the following spells:

 Spells                   Type           Power      Damage    Failure   Level
 Ensorcelled Hibernation  Hex/Ice        0%         N/A       45%         2
 Passwall                 Tmut/Erth      0%         N/A       45%         2
 Poisonous Vapours        Pois/Air       0%         N/A       45%         2
 Mephitic Cloud           Conj/Pois/Air  0%         N/A       69%         3
 Swiftness                Air            0%         N/A       69%         3
 Freezing Cloud           Conj/Ice/Air   0%         6-21      100%        5


Dungeon Overview and Level Annotations

Branches:
Dungeon (8/15)             Temple (1/1) D:6           Sewer (visited)
   Lair: D:8-11

Altars:
Ashenzari
Cheibriados
Dithmenos
Elyvilon
Fedhas
Gozag
Hepliaklqana
Kikubaaqudgha
Makhleb
Okawaru
Qazlal
Trog
Uskayaw
Vehumet
Xom
Yredelemnul
Zin
The Shining One


Innate Abilities, Weirdness & Mutations

Your life essence is reduced to manifest your ancestor. (-10% HP)
You have a beak for a mouth.
You have claws for feet.
Your magical flight helps you evade attacks. (EV +4)
You can magically evade attacks while moving or waiting.


Message History

No target in view!
No target in view!
No target in view!
Done exploring.
No target in view!
Done exploring.
No target in view!
There is a stone staircase leading down here.
You fly downwards.
There is a stone staircase leading up here.
You swap places.
You reach down and open the door.
There is an open door here.
Found a stone staircase leading down.
You reach down and open the door.
There is an open door here.
You reach down and open the door.
There is an open door here.
You swap places.
There is an open door here.
A troll and a bullfrog come into view.
The bullfrog gives a loud, deep croak!
The troll barely misses you. The troll claws you.
The troll claws you but does no damage.
You slash the troll! You peck the troll.
The troll is heavily wounded.
Your +6 long sword of the Burning Gnat {spect, Str+2 Int+3} closely misses the troll.
Keminub hits the bullfrog with a +0 flail!
The troll bites you! The troll completely misses you.
The troll claws you but does no damage.
Your +6 long sword of the Burning Gnat {spect, Str+2 Int+3} disappears.
The bullfrog completely misses you.
Keminub misses the bullfrog.
You slash the troll! Your kick misses the troll.
You peck the troll, but do no damage.
The troll is severely wounded.
The bullfrog hits you but does no damage.
The bullfrog hits you! The troll bites you!
* * * LOW HITPOINT WARNING * * *
The troll claws you!
You die...

#.........##.###.#.#
#.....##'###.# #.#.#
#.....##.###.# #.#.#
#.....##.....# #.#.#
#.....######## #...#
#..##.# ###..
##.##.### #.#
##.....#≈# #.#
#@R....~. #####'#
#TF....~. #......
#.....#.~. #......
#......# ≈# #......
#......# # #.###+#
#......# #. #......#
# ###+####


You could see the friendly Keminub the knight, a troll and a bullfrog (ally
target).

Vanquished Creatures
  Sigmund (D:3)
  A steam dragon (D:7)
  Edmund (D:6)
  A water moccasin (D:7)
  A black bear (D:6)
  A sky beast (D:7)
  2 ogres (D:7)
  2 bullfrogs
  5 scorpions
  2 howler monkeys
  2 hounds
  4 jellies
  Crazy Yiuf (D:4)
  2 orc priests
  A sleepcap (D:5)
  3 iguanas
  3 orc wizards
  A hell rat (Sewer)
  4 river rats (Sewer)
  8 adders
  2 white imps
  An ufetubus (D:4)
  3 dart slugs
  22 orcs
  9 ball pythons
  8 bats
  6 endoplasms
  4 giant cockroaches
  5 goblins
  6 hobgoblins
  2 jackals (D:1)
  8 kobolds
  7 quokkas
  2 frilled lizards
  9 rats
140 creatures vanquished.

Vanquished Creatures (collateral kills)
  An orc warrior (D:7)
  A scorpion (D:7)
  An orc priest (D:7)
  5 orcs (D:7)
8 creatures vanquished.

Vanquished Creatures (others)
  A jelly (D:7)
  An orc wizard (D:6)
2 creatures vanquished.

Grand Total: 150 creatures vanquished

Notes
Turn   | Place    | Note
-------+----------+-------------------------------------------
     0 | D:1      | Aneyh the Tengu Monk began the quest for the Orb.
     0 | D:1      | Reached XP level 1. HP: 14/14 MP: 2/2
   123 | D:1      | Reached XP level 2. HP: 17/19 MP: 3/3
   140 | D:1      | Reached skill level 4 in Polearms
   436 | D:1      | Reached XP level 3. HP: 23/23 MP: 4/4
   711 | D:2      | Reached skill level 5 in Polearms
   711 | D:2      | Reached XP level 4. HP: 28/28 MP: 5/5
   888 | D:2      | Found a basalt altar of Yredelemnul.
  1069 | D:2      | Found a faded altar of an unknown god.
  1229 | D:3      | Reached XP level 5. HP: 11/32 MP: 6/6
  1482 | D:3      | Reached skill level 6 in Polearms
  1690 | D:3      | Noticed Sigmund
  1721 | D:3      | Killed Sigmund
  1722 | D:3      | Reached skill level 7 in Polearms
  1722 | D:3      | Reached XP level 6. HP: 15/37 MP: 7/7
  2072 | D:4      | Found a glowing drain.
  2094 | Sewer    | Entered a sewer
  2131 | Sewer    | Reached skill level 8 in Polearms
  2162 | Sewer    | Gained mutation: Your magical flight helps you evade
                  | attacks. (EV +4) [Tengu growth]
  2162 | Sewer    | Reached XP level 7. HP: 41/41 MP: 8/8
  2497 | D:4      | Identified the +8 hammer "Lizom" {heavy, rC+ Int+3}
  2498 | D:4      | Identified the +6 hammer of Puesh {venom, *Rage +Blink
                  | rPois rF+}
  2505 | D:4      | Found a runed translucent door.
  2506 | D:4      | Noticed Crazy Yiuf
  2654 | D:4      | Killed Crazy Yiuf
  3021 | D:5      | Entered Level 5 of the Dungeon
  3067 | D:4      | Reached skill level 9 in Polearms
  3109 | D:5      | Reached XP level 8. HP: 40/46 MP: 9/9
  3117 | D:5      | Reached skill level 10 in Polearms
  3552 | D:6      | Found a staircase to the Ecumenical Temple.
  3590 | Temple   | Entered the Ecumenical Temple
  3656 | D:6      | Noticed Edmund
  3668 | D:6      | Killed Edmund
  3669 | D:6      | Reached skill level 11 in Polearms
  3951 | D:6      | Found a hazy altar of Hepliaklqana.
  3965 | D:6      | Became a worshipper of Hepliaklqana the Forgotten
  3965 | D:6      | Reached * piety under Hepliaklqana
  3965 | D:6      | Reached ** piety under Hepliaklqana
  3966 | D:6      | Remembered your ancestor Keminub as a knight
  4519 | D:7      | Reached skill level 12 in Polearms
  4700 | D:7      | Reached XP level 9. HP: 42/45 MP: 10/10
  4848 | D:7      | Identified the +6 long sword of the Burning Gnat {spect,
                  | Str+2 Int+3}
  4853 | D:7      | Reached skill level 13 in Polearms
  5217 | D:8      | Noticed a troll
  5222 | D:8      | Slain by a troll

Illustrated notes

Levels and vault maps discovered:
D:1:      tarquinn_simple_flora_water_e, layout_loops_ring
D:2:      layout_rooms, basic_altar, shapermc_ecumenical_altar_petra
D:3:      layout_basic, guppyfry_early_lair_pool, uniq_sigmund
D:4:      layout_loops_ring, portal_sewer_entry_f, uniq_crazy_yiuf_cottage
D:5:      layout_rooms
D:6:      layout_loops_cross, nicolae_hepliaklqana_hazy_memory,
          minmay_temple_entry_tees, grunt_ministairs_7, glass_columns_b,
          uniq_edmund
D:7:      layout_rooms
D:8:      layout_basic, chequers_temple_overflow_minitemple, serial_shops,
          nicolae_shop_drivethru, chequers_serial_rivers_micro_a, uniq_maurice
Temple:   minmay_temple_bridge_d

Skill      XL: |  1  2  3  4  5  6  7  8  9 |
---------------+----------------------------+-----
Polearms       | 4 5 7 8 9 12 13 | 13.4
Dodging        | 4 |  4.0
Fighting       | |  3.0
Long Blades    | |  0.1

Action                     |  1- 3 |  4- 6 |  7- 9 || total
---------------------------+-------+-------+-------++-------
  Melee: Spear             |    97 |    96 |       ||   193
         Kick              |    11 |    26 |    42 ||    79
         Peck              |    12 |    15 |    22 ||    49
         Halberd           |       |    51 |   192 ||   243
         Long sword        |       |       |     8 ||     8
 Invoke: Ancestor Life: Kn |       |       |     1 ||     1
    Use: Potion            |       |       |     2 ||     2
   Stab: Sleeping          |     6 |     1 |     2 ||     9
         Distracted        |       |     1 |     1 ||     2
 Armour: Robe              |    24 |    50 |     6 ||    80
         Leather armour    |       |       |    70 ||    70
  Dodge: Dodged            |    51 |    58 |   128 ||   237
  Block: Buckler           |     3 |    13 |       ||    16

Table legend: (Time is in decaauts)
 A = Elapsed time spent in this place.
 B = Non-inter-level travel time spent in this place.
 C = Inter-level travel time spent in this place.
 D = Time resting spent in this place.
 E = Time spent auto-exploring this place.
 F = Levels seen in this place.
 G = Mean time per level.
                   A        B        C        D        E       F      G
               +--------+--------+--------+--------+--------+-----+--------+
         Total |   5197 |   5007 |    190 |    527 |   3465 |  10 |  519.7 |
       Dungeon |   5068 |   4882 |    186 |    527 |   3407 |   8 |  633.5 |
        Temple |     12 |      8 |      4 |      0 |      0 |   1 |   12.0 |
         Sewer |    116 |    116 |      0 |      0 |     58 |   1 |  116.0 |
               +--------+--------+--------+--------+--------+-----+--------+

Top non-repeatable levels by time:
     D:4: 921 daAuts
     D:3: 893 daAuts
     D:7: 856 daAuts
     D:6: 792 daAuts
     D:1: 638 daAuts
     D:2: 480 daAuts
     D:5: 441 daAuts
   Sewer: 116 daAuts
     D:8: 44 daAuts
  Temple: 12 daAuts
